 Dungeon Crawl Stone Soup version 0.26.0-10-g1f06aea511 (webtiles) character file.

Game seed: 13756074219525929456

86 Dracia the Archer (level 4, 0/45 HPs)
             Began as a Gnoll Wanderer on Jan 15, 2021.
             Slain by a kobold
             ... wielding a +0 club
              (3 damage)
             ... on level 3 of the Dungeon.
             The game lasted 00:03:30 (2020 turns).

Dracia the Archer (Gnoll Wanderer)                  Turns: 2020, Time: 00:03:31

Health: 0/45       AC:  5    Str: 16    XL:     4   Next: 49%
Magic:  5/5        EV: 11    Int: 13    God:
Gold:   65         SH:  0    Dex: 15    Spells: 5/5 levels left

rFire    . . .     SeeInvis .   b - +0 whip (elec)
rCold    . . .     Faith    .   (no shield)
rNeg     . . .     Spirit   .   r - +0 ring mail
rPois    .         Reflect  .   (no helmet)
rElec    .         Harm     .   (no cloak)
rCorr    .         Rampage  .   (no gloves)
Will     .....                  (no boots)
Stlth    +.........             (no amulet)
HPRegen  0.15/turn              (no ring)
MPRegen  0.09/turn              (no ring)

@: lethally poisoned (0 -> -44), slowed, very slow
A: distributed training, fangs 1, strong nose
a: no special abilities


You were on level 3 of the Dungeon.
You visited 1 branch of the dungeon, and saw 3 of its levels.

You collected 65 gold pieces.


Innate Abilities, Weirdness & Mutations

Your experience applies equally to all skills.
You have very sharp teeth.
Your uncanny sense of smell can sniff out nearby items.


   Skills:
 + Level 8.5 Fighting
 + Level 1.1 Short Blades
 + Level 1.1 Long Blades
 + Level 1.1 Axes
 + Level 1.1 Maces & Flails
 + Level 1.1 Polearms
 + Level 1.1 Staves
 + Level 1.1 Slings
 + Level 8.5 Bows
 + Level 1.1 Crossbows
 + Level 2.7 Throwing
 + Level 1.1 Armour
 + Level 1.1 Dodging
 + Level 1.1 Stealth
 + Level 2.7 Shields
 + Level 1.1 Unarmed Combat
 + Level 1.1 Spellcasting
 + Level 0.9 Conjurations
 + Level 0.9 Hexes
 + Level 0.9 Summonings
 + Level 0.9 Necromancy
 + Level 0.9 Translocations
 + Level 0.9 Transmutations
 + Level 0.9 Fire Magic
 + Level 0.9 Ice Magic
 + Level 0.9 Air Magic
 + Level 0.9 Earth Magic
 + Level 0.9 Poison Magic
 + Level 1.2 Invocations
 + Level 1.1 Evocations


You had 5 spell levels left.
You didn't know any spells.
Your spell library was empty.

Inventory:

Hand Weapons
 a - a +2 shortbow
 b - a +0 whip of electrocution (weapon)
 j - a +1 short sword of speed
Missiles
 f - 65 arrows
Armour
 e - a +0 robe
 h - a +0 ring mail
 l - a cursed +0 scale mail
 r - a +0 ring mail (worn)
Jewellery
 q - a +6 ring of strength {unknown}
 t - an uncursed ring of teleportation
Scrolls
 c - 2 scrolls of teleportation {@r4@r4}
 g - a scroll of immolation
 i - a scroll of fog
 k - 2 scrolls of amnesia
Potions
 d - a potion of lignification
 m - 2 potions of cancellation
 n - a potion of might {unknown}
 o - a potion of brilliance {unknown}
 p - a potion of curing {@q1@q1}

Dungeon Overview and Level Annotations

Branches:
Dungeon (3/15)

Altars:

..####. ....... .......
....$..## ........#
####### ........#
#.....# .......K#######
##.....#
.......@.........+......
#.#.#.#(#######.##......
........(............##.
#.###.#.......#.........
.....$...#.#######.###
###.####.#...# #.#..
#.####+###.# #...#
#.......##.# ##..#
#.......##.# ##..#


You could see a kobold.


Message History

You see here a curare-tipped dart {=f=f}.
You hit the dart slug.
The dart slug is severely wounded.
You feel sick. The dart slug launches a dart at you. The slug dart misses you.
You hit the dart slug.
Lightning courses through the dart slug!
You kill the dart slug!
You feel sick.
The kobold throws a curare-tipped dart.
The curare-tipped dart hits you.
You are more poisoned.
You have difficulty breathing.
You feel as though you will be slow longer.
The kobold throws a curare-tipped dart.
The curare-tipped dart hits you.
You are lethally poisoned!
You have difficulty breathing.
You feel as though you will be slow longer.
* * * LOW HITPOINT WARNING * * *
You feel very sick.
The kobold throws a curare-tipped dart.
The curare-tipped dart hits you.
You are more poisoned.
You have difficulty breathing.
* * * LOW HITPOINT WARNING * * *
You feel as though you will be slow longer.
You see here a curare-tipped dart {=f=f}.
* * * LOW HITPOINT WARNING * * *
You feel very sick. The kobold hits you with a +0 club.
You die...

Skill      XL: |  1  2  3 |
---------------+----------+-----
Invocations    | 1 |  1.2
Short Blades   | 1 |  1.1
Long Blades    | 1 |  1.1
Axes           | 1 |  1.1
Maces & Flails | 1 |  1.1
Polearms       | 1 |  1.1
Staves         | 1 |  1.1
Slings         | 1 |  1.1
Crossbows      | 1 |  1.1
Armour         | 1 |  1.1
Dodging        | 1 |  1.1
Stealth        | 1 |  1.1
Unarmed Combat | 1 |  1.1
Spellcasting   | 1 |  1.1
Evocations     | 1 |  1.1
Fighting       | |  8.5
Bows           | |  8.5
Throwing       | |  2.7
Shields        | |  2.7
Conjurations   | |  0.9
Hexes          | |  0.9
Summonings     | |  0.9
Necromancy     | |  0.9
Translocations | |  0.9
Transmutations | |  0.9
Fire Magic     | |  0.9
Ice Magic      | |  0.9
Air Magic      | |  0.9
Earth Magic    | |  0.9
Poison Magic   | |  0.9

Action                   |  1- 3 |  4- 6 || total
-------------------------+-------+-------++-------
Melee: Short sword       |    12 |       ||    12
       Bite              |     6 |       ||     6
       Whip              |    61 |    17 ||    78
 Fire: Shortbow          |    11 |       ||    11
  Use: Scroll            |     7 |       ||     7
       Potion            |     4 |       ||     4
Armor: Ring mail         |    19 |     2 ||    21
Dodge: Dodged            |    35 |     8 ||    43

Levels and vault maps discovered:
D:1:      dpeg_arrival_pits, layout_basic, minmay_misc_feat_five
D:2:      layout_basic
D:3:      layout_basic

Notes
Turn   | Place    | Note
-------+----------+-------------------------------------------
     0 | D:1      | Dracia the Gnoll Wanderer began the quest for the Orb.
     0 | D:1      | Dracia set off with the following items: a +2 shortbow, 25
                  | arrows, a scroll of teleportation {@r4@r4}, a potion of
                  | lignification, a +0 robe
     0 | D:1      | Reached XP level 1. HP: 26/26 MP: 1/1
   426 | D:1      | Reached XP level 2. HP: 27/33 MP: 2/2
   820 | D:1      | Reached XP level 3. HP: 38/38 MP: 3/3
  1238 | D:2      | Reached skill level 1 in Invocations
  1765 | D:2      | Identified a potion of resistance
  1835 | D:3      | Reached skill level 1 in Short Blades
  1835 | D:3      | Reached skill level 1 in Long Blades
  1835 | D:3      | Reached skill level 1 in Axes
  1835 | D:3      | Reached skill level 1 in Maces & Flails
  1835 | D:3      | Reached skill level 1 in Polearms
  1835 | D:3      | Reached skill level 1 in Staves
  1835 | D:3      | Reached skill level 1 in Slings
  1835 | D:3      | Reached skill level 1 in Crossbows
  1835 | D:3      | Reached skill level 1 in Armour
  1835 | D:3      | Reached skill level 1 in Dodging
  1835 | D:3      | Reached skill level 1 in Stealth
  1835 | D:3      | Reached skill level 1 in Unarmed Combat
  1835 | D:3      | Reached skill level 1 in Spellcasting
  1835 | D:3      | Reached skill level 1 in Evocations
  1835 | D:3      | Reached XP level 4. HP: 37/44 MP: 5/5
  2020 | D:3      | HP: 3/45 [poisoned by kobold (curare-tipped dart)]
  2020 | D:3      | Slain by a kobold

Vanquished Creatures
  A worker ant (D:3)
  An adder (D:3)
  An ooze (D:1)
  A dart slug (D:3)
  2 leopard geckos
  3 bats
  5 giant cockroaches
  5 goblins
  3 hobgoblins
  8 kobolds
  A quokka (D:2)
  3 frilled lizards
  12 rats
46 creatures vanquished.

Table legend: (Time is in decaauts)
 A = Elapsed time spent in this place.
 B = Non-inter-level travel time spent in this place.
 C = Inter-level travel time spent in this place.
 D = Time resting spent in this place.
 E = Time spent auto-exploring this place.
 F = Levels seen in this place.
 G = Mean time per level.
                   A        B        C        D        E       F      G
               +--------+--------+--------+--------+--------+-----+--------+
         Total |   2018 |   1938 |     80 |      0 |   1657 |   3 |  672.7 |
       Dungeon |   2018 |   1938 |     80 |      0 |   1657 |   3 |  672.7 |
               +--------+--------+--------+--------+--------+-----+--------+

Top non-repeatable levels by time:
     D:1: 955 daAuts
     D:2: 822 daAuts
     D:3: 241 daAuts

Table legend:
 A = Non-vault XP
 B = Vault XP
 C = Vault XP percentage of total XP
 D = Non-vault monster count
 E = Vault monster count
 F = Vault count percentage of total count
                 A         B        C        D         E       F
            +---------+---------+-------+---------+---------+-------
      Total |     123 |       0 |   0.0 |      46 |       0 |   0.0
            +---------+---------+-------+---------+---------+-------
        D:1 |      44 |       0 |   0.0 |      25 |       0 |   0.0
        D:2 |      16 |       0 |   0.0 |       9 |       0 |   0.0
        D:3 |      63 |       0 |   0.0 |      12 |       0 |   0.0
            +---------+---------+-------+---------+---------+-------
